 Dungeon Crawl Stone Soup version 0.27-a0-1312-g5cdb2b3542 (webtiles) character file.

Game seed: 12374196117376969924

821 Lanoc the Ducker (level 7, -10/51 HPs)
             Began as a Demonspawn Fire Elementalist on June 19, 2021.
             Was a Priest of Dithmenos.
             Mangled by a gnoll sergeant (13 damage)
             ... on level 5 of the Dungeon.
             The game lasted 00:08:27 (6422 turns).

Lanoc the Ducker (Demonspawn Fire Elementalist)     Turns: 6422, Time: 00:08:28

Health: -10/51     AC:  6    Str:  9    XL:     7   Next: 63%
Magic:  4/10       EV: 14    Int: 18    God:    Dithmenos [***...]
Gold:   227        SH:  0    Dex: 13    Spells: 9/10 levels left

rFire    . . .     SeeInvis .   n - +2 glaive "Warhal Conon" {drain, Will+}
rCold    . . .     Faith    +   (shield currently unavailable)
rNeg     . . .     Spirit   .   a - +0 robe
rPois    .         Reflect  .   (no helmet)
rElec    .         Harm     .   (no cloak)
rCorr    .         Rampage  .   c - +0 pair of gloves
Will     +....                  (no boots)
Stlth    ++........             q - amulet of faith
HPRegen  0.17/turn              (no ring)
MPRegen  0.12/turn              (no ring)

@: mighty, wreathed by umbra
A: slimy green scales 2, powered by pain 1
a: Renounce Religion, Shadow Step


You were on level 5 of the Dungeon.
You worshipped Dithmenos.
Dithmenos was most pleased with you.
You visited 2 branches of the dungeon, and saw 6 of its levels.

You collected 227 gold pieces.

Inventory:

Hand Weapons
 n - the +2 glaive "Warhal Conon" (weapon) {drain, Will+}
   (You found it on level 4 of the Dungeon)

   A truly terrible weapon, it drains the life of those it strikes.
   It increases your willpower.
Armour
 a - a +0 robe (worn)
 c - a +0 pair of gloves (worn)
Jewellery
 q - an amulet of faith (around neck)
Scrolls
 e - 2 scrolls of amnesia {unknown}
 f - 3 scrolls of identify {unknown}
 g - 2 scrolls of vulnerability {unknown}
 h - a scroll of enchant weapon {unknown}
 l - a scroll of teleportation {unknown}
 o - a scroll of immolation {unknown}
 p - a scroll of fog {unknown}
Potions
 b - a potion of might {unknown}
 d - 3 potions of attraction {unknown}
 i - a potion of berserk rage {unknown}
 j - 2 potions of magic {unknown}
 k - 3 potions of flight {unknown}
 m - a potion of heal wounds {unknown}
 r - a potion of degeneration {unknown}


   Skills:
 + Level 2.8 Fighting
 + Level 6.2 Dodging
 - Level 1.7 Stealth
 - Level 2.0 Spellcasting
 - Level 1.0 Conjurations
 - Level 5.0 Fire Magic


You had 9 spell levels left.
You knew the following spells:

 Your Spells              Type           Power      Damage    Failure   Level
h - Foxfire               Conj/Fire      48%        2x1d6     5%          1

Your spell library contained the following spells:

 Spells                   Type           Power      Damage    Failure   Level
 Magic Dart               Conj           20%        1d4       12%         1
 Conjure Flame            Conj/Fire      12%        6-21      16%         3
 Animate Skeleton         Necr           2%         N/A       19%         1
 Pain                     Necr           4%         1d4       19%         1
 Searing Ray              Conj           10%        3d3       19%         2
 Inner Flame              Hex/Fire       10%        N/A       19%         3
 Dazzling Flash           Conj/Hex       6%         N/A       41%         3
 Sticky Flame             Conj/Fire      12%        2d4       45%         4
 Vampiric Draining        Necr           0%         2d6       47%         3
 Fulminant Prism          Conj/Hex       1%         3d6       82%         4
 Iskenderun's Mystic Bla  Conj/Tloc      3%         2d3       82%         4
 Fireball                 Conj/Fire      6%         3d5       82%         5
 Animate Dead             Necr           0%         N/A       87%         4
 Agony                    Necr           1%         N/A       99%         5


Dungeon Overview and Level Annotations

Branches:
Dungeon (5/15)             Temple (1/1) D:5

Altars:
Dithmenos

Shops:
D:3 =


Innate Abilities, Weirdness & Mutations

You are mostly covered in slimy green scales. (AC +3)
You sometimes gain a little power by taking damage.


Message History

The foxfire hits the wight but does no damage.
The wight is moderately damaged.
The wight hits you with a +0 falchion.
You feel drained. The gnoll sergeant barely misses you.
You slash the wight!
The wight is almost destroyed.
The foxfire hits the wight.
You destroy the wight!
Dithmenos accepts your kill.
The foxfire hits the gnoll sergeant but does no damage.
Your foxfire dissipates!
The gnoll sergeant hits you from afar with a +0 trident!
The gnoll sergeant closely misses you.
Your life force feels restored.
You reach to attack!
You slash the gnoll sergeant! You drain the gnoll sergeant.
The gnoll sergeant is severely wounded.
The gnoll sergeant hits you from afar with a +0 trident!
The gnoll sergeant barely misses you.
A gnoll sergeant comes into view. It is wielding a +0 trident.
The gnoll sergeant barely misses you.
Casting: Foxfire (safe; 5% risk of failure)
Confirm with . or Enter, or press ? or * to list all spells.
You conjure some foxfire!
The gnoll sergeant hits you from afar with a +0 trident.
The gnoll sergeant hits you from afar with a +0 trident!
* * * LOW HITPOINT WARNING * * *
You focus on the pain.
You feel very mighty all of a sudden.
Casting: Foxfire (safe; 5% risk of failure)
Confirm with . or Enter, or press ? or * to list all spells.
You conjure some foxfire!
The foxfire hits the gnoll sergeant but does no damage.
The gnoll sergeant is severely wounded.
The foxfire hits the gnoll sergeant.
The gnoll sergeant is almost dead.
The gnoll sergeant hits you from afar with a +0 trident.
* * * LOW HITPOINT WARNING * * *
The gnoll sergeant hits you from afar with a +0 trident!
You die...

#...... $.(#)#. #..####
...###. #..### ..g.$..
#....# ....... #<...#
......s ##...# .....gg
#)..# ......)########
#...# #.[...§@§.....#
#.### #.....v§v.###.#
#.# #.........###.# #.#
#.............# .#.####
#...$.........###.......
#................#......
#................#......
#...(............##>....
###+####.......##.##..


You could see 3 gnoll sergeants and a scorpion.

Vanquished Creatures
  A black bear (D:4)
  A centaur (D:5)
  A wight (D:5)
  A bullfrog zombie (D:5)
  5 orc priests
  A hound (D:4)
  A jelly (D:4)
  An iguana (D:4)
  3 orc wizards
  A hound skeleton (D:4)
  Robin (D:2)
  4 gnolls (D:3)
  7 adders
  An ufetubus (D:5)
  An adder skeleton (D:4)
  4 worms
  22 orcs
  6 endoplasms
  3 giant cockroaches
  14 goblins
  7 hobgoblins
  4 jackals
  5 quokkas
  6 ball pythons
  4 bats
  3 frilled lizards
  10 kobolds
  8 rats
126 creatures vanquished.

Vanquished Creatures (collateral kills)
  8 foxfires (D:3)
8 creatures vanquished.

Vanquished Creatures (others)
  364 foxfires
  A plant (D:3)
  3 withered plants (D:1)
368 creatures vanquished.

Grand Total: 502 creatures vanquished

Notes
Turn   | Place    | Note
-------+----------+-------------------------------------------
     0 | D:1      | Lanoc the Demonspawn Fire Elementalist began the quest for
                  | the Orb.
     0 | D:1      | Reached XP level 1. HP: 13/13 MP: 3/3
    87 | D:1      | Found a faded altar of an unknown god.
   116 | D:1      | Became a worshipper of Dithmenos the Shadowed
   116 | D:1      | Reached * piety under Dithmenos
   365 | D:1      | Reached skill level 2 in Dodging
   489 | D:1      | Gained mutation: You are partially covered in slimy green
                  | scales. (AC +2) [demonic ancestry]
   489 | D:1      | Reached XP level 2. HP: 19/19 MP: 0/5
  1443 | D:2      | Gained mutation: You sometimes gain a little power by
                  | taking damage. [demonic ancestry]
  1443 | D:2      | Reached XP level 3. HP: 24/24 MP: 3/6
  1843 | D:2      | Noticed Robin
  1884 | D:2      | Reached ** piety under Dithmenos
  1947 | D:2      | Killed Robin
  1948 | D:2      | Gained mutation: You are mostly covered in slimy green
                  | scales. (AC +3) [demonic ancestry]
  1948 | D:2      | Reached XP level 4. HP: 8/30 MP: 0/7
  2861 | D:3      | Reached skill level 3 in Dodging
  3036 | D:3      | Reached XP level 5. HP: 35/35 MP: 3/8
  3168 | D:3      | Found Memurchor's Jewellery Emporium.
  3383 | D:3      | Found a shadowy altar of Dithmenos.
  3943 | D:3      | Reached skill level 5 in Fire Magic
  4452 | D:4      | Reached *** piety under Dithmenos
  4453 | D:4      | Reached skill level 4 in Dodging
  4453 | D:4      | Reached XP level 6. HP: 31/41 MP: 6/9
  4977 | D:4      | Identified the +2 glaive "Warhal Conon" {drain, Will+}
  5031 | D:4      | Reached skill level 5 in Dodging
  5411 | D:4      | Reached XP level 7. HP: 13/46 MP: 3/10
  5791 | D:5      | Entered Level 5 of the Dungeon
  5817 | D:5      | Reached skill level 1 in Fighting
  5995 | D:5      | Reached skill level 6 in Dodging
  6249 | D:5      | Found a staircase to the Ecumenical Temple.
  6276 | Temple   | Entered the Ecumenical Temple
  6422 | D:5      | Mangled by a gnoll sergeant

Illustrated notes

Levels and vault maps discovered:
D:1:      mushboom_english_gardens, layout_loops_ring,
          ebering_ecumenical_altar_petrified, minmay_crystal_room
D:2:      layout_basic, minmay_tetromino_i4, uniq_robin
D:3:      layout_basic, nicolae_dithmenos_shadow_blocks, serial_shops,
          shop_fountains, lexackson_kobold_supper
D:4:      layout_loops_corners, minmay_pentomino_pile
D:5:      layout_basic, tso_oasis_becter, minmay_temple_entry_wispy,
          sword_in_stone
Temple:   minmay_temple_curvy_loop

Skill      XL: |  1  2  3  4  5  6  7 |
---------------+----------------------+-----
Dodging        | 2 3 4 5 6 |  6.2
Fire Magic     | 3 4 5 |  5.0
Fighting       | 2 |  2.8
Stealth        | |  1.7
Spellcasting   | |  2.0
Conjurations   | |  1.0

Action                   |  1- 3 |  4- 6 |  7- 9 || total
-------------------------+-------+-------+-------++-------
Melee: Dagger            |    44 |       |       ||    44
       Unarmed           |     2 |       |       ||     2
       Short sword       |     7 |     2 |       ||     9
       Trident           |       |    87 |       ||    87
       Glaive            |       |    36 |    31 ||    67
 Cast: Foxfire           |    68 |   132 |    28 ||   228
 Stab: Sleeping          |     3 |     3 |       ||     6
Armor: Robe              |    30 |    35 |    23 ||    88
Dodge: Dodged            |    45 |   124 |    90 ||   259

Table legend: (Time is in decaauts)
 A = Elapsed time spent in this place.
 B = Non-inter-level travel time spent in this place.
 C = Inter-level travel time spent in this place.
 D = Time resting spent in this place.
 E = Time spent auto-exploring this place.
 F = Levels seen in this place.
 G = Mean time per level.
                   A        B        C        D        E       F      G
               +--------+--------+--------+--------+--------+-----+--------+
         Total |   6494 |   6397 |     97 |      0 |   5454 |   6 | 1082.3 |
       Dungeon |   6492 |   6395 |     97 |      0 |   5454 |   5 | 1298.4 |
        Temple |      1 |      1 |      0 |      0 |      0 |   1 |    1.0 |
               +--------+--------+--------+--------+--------+-----+--------+

Top non-repeatable levels by time:
     D:2: 1729 daAuts
     D:4: 1594 daAuts
     D:3: 1464 daAuts
     D:1: 1053 daAuts
     D:5: 651 daAuts
  Temple: 1 daAuts
